 Dungeon Crawl Stone Soup version 0.26-a0-663-g36e8fdb655 (webtiles) character file.

Game seed: 11377232570144678920

2140 Wiggles the Cleaver (level 9, -3/79 HPs)
             Began as a Minotaur Berserker on Oct 11, 2020.
             Was an Elder of Trog.
             Slain by a killer bee (4 damage)
             ... on level 7 of the Dungeon.
             The game lasted 00:12:52 (6683 turns).

Wiggles the Cleaver (Minotaur Berserker)            Turns: 6683, Time: 00:12:53

Health: -3/79      AC: 14    Str: 29 (32) XL:     9   Next: 9%
Magic:  8/8        EV:  4    Int:  2 (4)  God:    Trog [****..]
Gold:   336        SH: 12    Dex:  6 (9)  Spells: 8/8 levels left

rFire    . . .     SeeInvis .   a - +0 hand axe
rCold    . . .     Faith    .   B - +0 tower shield
rNeg     . . .     Spirit   .   i - +0 plate armour
rPois    .         Reflect  .   (helmet restricted)
rElec    .         Harm     .   (no cloak)
rCorr    +         Rampage  .   p - +0 pair of gloves
MR       ++...                  (no boots)
Stlth    ..........             (no amulet)
HPRegen  1.23/turn              s - ring of resist corrosion
MPRegen  0.11/turn              u - +6 ring of strength

@: mighty, lethally poisoned (-3 -> -27), regenerating
A: retaliatory headbutt, horns 2
a: Berserk, Trog's Hand, Brothers in Arms, Renounce Religion


You were on level 7 of the Dungeon.
You worshipped Trog.
Trog was greatly pleased with you.
You visited 2 branches of the dungeon, and saw 8 of its levels.

You collected 336 gold pieces.

Inventory:

Hand Weapons
 a - a +0 hand axe (weapon)
Armour
 i - a +0 plate armour (worn)
 p - a +0 pair of gloves (worn)
 B - a +0 tower shield (worn)
Jewellery
 k - an uncursed ring of positive energy
 s - a ring of resist corrosion (left hand)
 u - a +6 ring of strength (right hand)
Wands
 r - a wand of random effects (16)
 t - a wand of disintegration (28)
 w - a wand of acid (6)
 z - a wand of polymorph (5)
Scrolls
 b - 8 scrolls of teleportation {unknown}
 c - a scroll of enchant weapon {unknown}
 e - 5 scrolls of remove curse {unknown}
 f - 4 scrolls of blinking {unknown}
 g - 4 scrolls of magic mapping {unknown}
 j - a scroll of enchant armour {unknown}
 m - 2 scrolls of identify {unknown}
 o - 3 scrolls of amnesia {unknown}
 y - a scroll of noise {unknown}
Potions
 d - 3 potions of degeneration
 h - 4 potions of might
 l - 4 potions of curing {unknown}
 n - a potion of invisibility {unknown}
 q - a potion of mutation {unknown}
 v - a potion of stabbing {unknown}
 x - a potion of resistance {unknown}
 A - a potion of cancellation {unknown}


   Skills:
 + Level 7.4 Fighting
 * Level 9.7 Axes
 + Level 6.8 Armour
 + Level 6.2 Dodging


You had 8 spell levels left.
You didn't know any spells.
Your spell library was empty.

Dungeon Overview and Level Annotations

Branches:
Dungeon (7/15)             Temple (1/1) D:5

Altars:
Fedhas
Kikubaaqudgha
Okawaru
Trog
Vehumet
Zin


Innate Abilities, Weirdness & Mutations

You reflexively headbutt those who attack you in melee.
You have a pair of horns on your head.


Message History

You hit the killer bee.
* * * LOW HITPOINT WARNING * * *
You feel very sick. You block the killer bee's attack.
The killer bee stings you.
* * * LOW HITPOINT WARNING * * *
You are more poisoned.
The killer bee poisons you! You block the killer bee's attack.
The killer bee barely misses you. The killer bee stings you.
* * * LOW HITPOINT WARNING * * *
You are more poisoned.
The killer bee poisons you!
The killer bee stings you but does no damage.
It was a potion of might.
You feel very mighty all of a sudden.
* * * LOW HITPOINT WARNING * * *
You feel very sick. The killer bee barely misses you.
You block the killer bee's attack.
The killer bee stings you but does no damage. x2
The killer bee barely misses you. The killer bee stings you.
You die...

.# #. [##..
.......##
#....#
#.......#
.....
#.#.#.#.# #
....
#.......#.#
.# #
#.#.#.#.#.#
.# .. .
#.........#
.##..
....#.#.#.#.#
....#
......y@y...#
.####
......y###..#
.# #######
#.## .# #.#
.# #.#
.#######
##########.#
)......#
#..........#
..####.#
#.##########
...# #.# #.#


You could see 3 killer bees.

Vanquished Creatures
  Grinder (D:3)
  A water moccasin (D:6)
  An ice beast (D:6)
  2 ogres
  A phantom (D:6)
  A centaur (D:5)
  A big kobold (D:4)
  A bullfrog (D:6)
  4 scorpions
  A water moccasin skeleton (D:3)
  3 killer bees (D:7)
  A bullfrog zombie (D:5)
  2 jellies (D:7)
  A hound (D:6)
  An orc priest (D:7)
  2 bullfrog skeletons
  7 orc wizards
  5 worker ants
  A hound skeleton (D:7)
  A howler monkey zombie (D:6)
  A worker ant zombie (D:6)
  5 gnolls (D:7)
  6 adders
  A shadow imp (D:5)
  2 white imps
  An ufetubus (D:7)
  5 oozes
  4 worms
  3 dart slugs
  6 leopard geckos
  12 orcs
  A ball python (D:1)
  5 giant cockroaches
  5 goblins
  10 hobgoblins
  2 jackals (D:5)
  30 kobolds
  A quokka (D:2)
  11 bats
  3 frilled lizards
  A jackal skeleton (D:4)
  A jackal zombie (D:6)
  A leopard gecko skeleton (D:6)
  8 rats
163 creatures vanquished.

Vanquished Creatures (collateral kills)
  A gnoll sergeant (D:7)
  2 gnolls (D:7)
  An ufetubus (D:7)
4 creatures vanquished.

Vanquished Creatures (others)
  A goblin (D:3)
  A quokka skeleton (D:4)
  36 plants (D:4)
38 creatures vanquished.

Grand Total: 205 creatures vanquished

Notes
Turn   | Place    | Note
-------+----------+-------------------------------------------
     0 | D:1      | Wiggles the Minotaur Berserker began the quest for the Orb.
     0 | D:1      | Reached XP level 1. HP: 19/19 MP: 0/0
   131 | D:1      | Reached XP level 2. HP: 27/27 MP: 1/1
   175 | D:1      | Reached skill level 4 in Axes
   591 | D:1      | Reached XP level 3. HP: 31/33 MP: 2/2
  1028 | D:2      | Noticed a moth of wrath
  1030 | D:2      | Found a bloodstained altar of Trog.
  1263 | D:2      | Reached XP level 4. HP: 30/40 MP: 3/3
  1690 | D:2      | Reached ** piety under Trog
  2075 | D:3      | Found a radiant altar of Vehumet.
  2102 | D:3      | Reached skill level 5 in Axes
  2578 | D:3      | Noticed an ogre
  2584 | D:3      | Killed an ogre
  2584 | D:3      | Reached XP level 5. HP: 47/47 MP: 4/4
  2630 | D:3      | Noticed Grinder
  2633 | D:3      | Paralysed by Grinder for 4 turns
  2650 | D:3      | Killed Grinder
  2650 | D:3      | Reached skill level 5 in Fighting
  2650 | D:3      | Reached skill level 6 in Axes
  2650 | D:3      | Reached XP level 6. HP: 32/56 MP: 5/5
  2842 | D:3      | Found a blossoming altar of Fedhas.
  3144 | D:4      | Reached XP level 7. HP: 61/61 MP: 6/6
  3160 | D:4      | Reached *** piety under Trog
  3471 | D:4      | Reached skill level 7 in Axes
  3652 | D:4      | Reached skill level 5 in Armour
  4379 | D:5      | Entered Level 5 of the Dungeon
  4455 | D:5      | Found an ancient bone altar of Kikubaaqudgha.
  4558 | D:5      | Found a staircase to the Ecumenical Temple.
  4567 | D:5      | Reached XP level 8. HP: 53/70 MP: 7/7
  4700 | D:5      | Reached skill level 8 in Axes
  4700 | D:5      | Reached skill level 5 in Dodging
  4955 | D:5      | Found a bloodstained altar of Trog.
  5143 | Temple   | Entered the Ecumenical Temple
  5433 | D:6      | Found a glowing silver altar of Zin.
  5468 | D:6      | Reached **** piety under Trog
  5752 | D:6      | Reached skill level 9 in Axes
  6208 | D:7      | Found an iron altar of Okawaru.
  6483 | D:7      | Reached XP level 9. HP: 79/79 MP: 8/8
  6682 | D:7      | HP: 3/79 [killer bee (4)]
  6683 | D:7      | HP: 1/79 [poisoned by a killer bee]
  6683 | D:7      | Slain by a killer bee

Illustrated notes

Levels and vault maps discovered:
D:1:      ncdulo_watergridlock, layout_loops_cross
D:2:      layout_loops_corners, tgw_trog
D:3:      layout_basic, lemuel_crystal_altar, fiery_altar_vehumet, uniq_grinder
D:4:      kennysheep_kobold_camp, layout_loops_ring,
          minmay_a_box_with_orc_wizards_in_it
D:5:      layout_rooms, lemuel_doored_altar, nicolae_overflow_crystal_walls,
          temple_fountains, patterned_corridor
D:6:      layout_gridville, lemuel_round_altar, st_stairs_3
D:7:      layout_loops_cross, lemuel_round_altar, serial_glass, glass_columns_b,
          glass_columns_b, glass_columns_a, glass_columns_b,
          due_unseen_surprise, item_on_display_a, item_on_display_a,
          feat_on_display
Temple:   nicolae_temple_figure_eight

Skill      XL: |  1  2  3  4  5  6  7  8 |
---------------+-------------------------+-----
Axes           | 4 5 6 7 9 |  9.7
Fighting       | 4 5 6 7 |  7.4
Armour         | 3 4 5 6 |  6.8
Dodging        | 3 4 6 |  6.2

Action                   |  1- 3 |  4- 6 |  7- 9 || total
-------------------------+-------+-------+-------++-------
Melee: Hand axe          |    69 |   132 |   331 ||   532
       Headbutt          |     8 |    24 |    66 ||    98
Invok: Berserk           |       |     3 |     2 ||     5
       Trog's Hand       |       |     1 |     1 ||     2
       Brothers in Arms  |       |       |     1 ||     1
Evoke: Wand              |       |       |     4 ||     4
  Use: Potion            |       |       |     5 ||     5
Armor: Animal skin       |     6 |       |       ||     6
       Ring mail         |    20 |       |       ||    20
       Plate armour      |     8 |    70 |   181 ||   259
Dodge: Dodged            |    36 |    30 |    75 ||   141
Block: Kite shield       |       |    34 |    56 ||    90
       Tower shield      |       |       |   110 ||   110

Table legend: (Time is in decaauts)
 A = Elapsed time spent in this place.
 B = Non-inter-level travel time spent in this place.
 C = Inter-level travel time spent in this place.
 D = Time resting spent in this place.
 E = Time spent auto-exploring this place.
 F = Levels seen in this place.
 G = Mean time per level.
                   A        B        C        D        E       F      G
               +--------+--------+--------+--------+--------+-----+--------+
         Total |   6746 |   6556 |    190 |      0 |   5319 |   8 |  843.2 |
       Dungeon |   6745 |   6555 |    190 |      0 |   5319 |   7 |  963.6 |
        Temple |      1 |      1 |      0 |      0 |      0 |   1 |    1.0 |
               +--------+--------+--------+--------+--------+-----+--------+

Top non-repeatable levels by time:
     D:4: 1309 daAuts
     D:2: 1186 daAuts
     D:3: 1161 daAuts
     D:6: 955 daAuts
     D:5: 783 daAuts
     D:1: 766 daAuts
     D:7: 582 daAuts
  Temple: 1 daAuts
